 Dungeon Crawl Stone Soup version 0.28-a0-957-g42eb19b844 (webtiles) character file.

Game seed: 17989639436451608735

16894 lunkers the Brawler (level 12, -3/124 HPs)
             Began as a Troll Cinder Acolyte on Nov 30, 2021.
             Was a High Priest of Ignis.
             Succumbed to a redback's poison
             ... on level 2 of the Lair of Beasts.
             The game lasted 00:27:54 (11404 turns).

lunkers the Brawler (Troll Cinder Acolyte)         Turns: 11404, Time: 00:27:55

Health: -3/124     AC: 17    Str: 25    XL:     12   Next: 14%
Magic:  0/12       EV:  1    Int: 10    God:    Ignis [*****.]
Gold:   773        SH:  0    Dex:  9    Spells: 13/13 levels left

rFire   + + .      SeeInvis .     - Unarmed
rCold   + . .      Faith    .   (no shield)
rNeg    . . .      Spirit   +   L - +3 gold dragon scales
rPois   +          Reflect  .   (helmet restricted)
rElec   .          Harm     .   (no cloak)
rCorr   +          Rampage  .   (gloves unavailable)
Will    .....                   (boots unavailable)
Stlth   ..........              i - amulet of guardian spirit
HPRegen 1.10/turn               z - ring of poison resistance
MPRegen 0.13/turn               e - ring of resist corrosion

@: lethally poisoned (-3 -> -23)
A: large, unfitting armour, claws 3, regeneration 1, shaggy fur 1, tough skin 1
a: Renounce Religion, Fiery Armour, Foxfire Swarm, Rising Flame


You were on level 2 of the Lair of Beasts.
You worshipped Ignis.
Ignis was extremely pleased with you.
You visited 3 branches of the dungeon, and saw 15 of its levels.

You collected 1907 gold pieces.
You spent 1134 gold pieces at shops.

Inventory:

Missiles
 c - 453 stones (quivered)
 k - a silver boomerang
 t - 4 large rocks
 u - 4 datura-tipped darts
 x - 12 boomerangs
 C - 5 throwing nets
 H - 39 poisoned darts
Armour
 L - +3 gold dragon scales (worn)
Jewellery
 e - a ring of resist corrosion (right claw)
 f - a ring of flight
 i - an amulet of guardian spirit (around neck)
 z - a ring of poison resistance (left claw)
Wands
 a - a wand of iceblast (22)
 n - a wand of flame (23)
 A - a wand of digging (5)
 D - a wand of mindburst (1)
 F - a wand of paralysis (25)
Scrolls
 b - 3 scrolls of teleportation
 l - a scroll of summoning
 o - 2 scrolls of blinking
 p - a scroll of holy word
 y - 2 scrolls of fog
 E - a scroll of magic mapping
 J - a scroll of amnesia
Potions
 d - 4 potions of heal wounds
 g - a potion of mutation
 h - a potion of invisibility
 j - 3 potions of lignification
 m - 3 potions of haste
 q - a potion of magic
 r - 3 potions of curing
 s - a potion of attraction {unknown}
 v - a potion of might {unknown}
 w - a potion of resistance
 B - 2 potions of brilliance
 G - a potion of ambrosia


   Skills:
 + Level 9.5 Fighting
 + Level 1.5 Armour
 * Level 15.4 Unarmed Combat
 - Level 1.0 Spellcasting
 - Level 2.1 Fire Magic
 - Level 5.0 Evocations


You had 13 spell levels left.
You didn't know any spells.
Your spell library contained the following spells:

 Spells                   Type           Power      Damage    Failure   Level
 Beastly Appendage        Tmut           0%         N/A       100%        1
 Foxfire                  Conj/Fire      8%         2x1d4     100%        1
 Slow                     Hex            0%         N/A       100%        1
 Sting                    Tmut/Pois      0%         1d3       100%        1
 Poisonous Vapours        Pois/Air       0%         N/A       100%        2
 Scorch                   Fire           8%         2d5       100%        2
 Wereblood                Tmut           0%         N/A       100%        2
 Confusing Touch          Hex            0%         N/A       100%        3
 Conjure Flame            Conj/Fire      2%         6-21      100%        3
 Dazzling Flash           Conj/Hex       0%         N/A       100%        3
 Ignite Poison            Fire/Tmut/Pois 1%         N/A       100%        3
 Inner Flame              Hex/Fire       2%         N/A       100%        3
 Mephitic Cloud           Conj/Pois/Air  0%         N/A       100%        3
 Spider Form              Tmut/Pois      0%         N/A       100%        3
 Vampiric Draining        Necr           0%         2d6       100%        3
 Flame Wave               Conj/Fire      2%         2d4       100%        4
 Olgreb's Toxic Radiance  Pois           0%         N/A       100%        4
 Summon Ice Beast         Ice/Summ       0%         N/A       100%        4
 Agony                    Necr           0%         N/A       100%        5
 Freezing Cloud           Conj/Ice/Air   0%         6-21      100%        5
 Silence                  Hex/Air        0%         N/A       100%        5
 Summon Mana Viper        Hex/Summ       0%         N/A       100%        5
 Monstrous Menagerie      Summ           0%         N/A       100%        7


Dungeon Overview and Level Annotations

Branches:
Dungeon (12/15)            Temple (1/1) D:7            Lair (2/6) D:9
 Spider (0/4) Lair:2          Orc (0/2) D:12
  Swamp: Lair:2-4    Shoals: Lair:2-4

Altars:
Ashenzari
Cheibriados
Dithmenos
Elyvilon
Fedhas
Hepliaklqana
Kikubaaqudgha
Makhleb
Nemelex Xobeh
Qazlal
Ru
Sif Muna
Trog
Uskayaw
Vehumet
Wu Jian
Xom
Yredelemnul
Zin
The Shining One

Shops:
D:1 *   D:3 !   D:9 [

Portals:
Trove: D:10 (give 18 potions of curing)

Annotations:
Lair:2 1 transporter


Innate Abilities, Weirdness & Mutations

You are too large for most types of armour.
You have claws for hands.
Your natural rate of healing is unusually fast.
You are covered in fur. (AC +1)
You have tough skin. (AC +1)


Message History

You miss the redback.
The redback is almost dead.
You feel extremely sick.
The jumping spider leaps!
Unknown command.
You barely miss the wolf spider.
You feel extremely sick.
The jumping spider leaps!
Unknown command.
You mangle the wolf spider!!
The wolf spider is heavily wounded.
You feel extremely sick.
The wolf spider hits you but does no damage.
The wolf spider bites you.
* * * LOW HITPOINT WARNING * * *
Unknown command.
You barely miss the wolf spider.
The wolf spider is heavily wounded.
You feel extremely sick. The wolf spider hits you!
* * * LOW HITPOINT WARNING * * *
The wolf spider bites you!
* * * LOW HITPOINT WARNING * * *
The redback bites you but does no damage.
You closely miss the wolf spider.
The wolf spider is heavily wounded.
* * * LOW HITPOINT WARNING * * *
You feel very sick. The wolf spider hits you!
* * * LOW MAGIC WARNING * * *
* * * LOW HITPOINT WARNING * * *
The wolf spider bites you.
* * * LOW MAGIC WARNING * * *
* * * LOW HITPOINT WARNING * * *
The redback bites you but does no damage.
Blink to where?
Press: ? - help, Dir - move target
Found a transporter.
As you read the scroll of blinking, it crumbles to dust.
You die...

###..............
#P........(.....
.#...............
#.[............#
....#.........#
............# #........##
# ##......@..#..
#§^^##...s......
#ss.##..........©
#^^^..#............
#^.^^##............
#...^^#...............
#.....###......#........
#.>.^##.##......#.##.....
#...# #.......##........


You could see a jumping spider.

Vanquished Creatures
  2 hydras
  Erica (D:11)
  2 two-headed ogres
  A deep elf pyromancer (D:12)
  A cyclops (D:12)
  A manticore (D:11)
  2 cane toads (Lair:1)
  A black mamba (Lair:1)
  Psyche (D:11)
  4 komodo dragons
  4 trolls
  Grinder (D:5)
  Sigmund (D:5)
  A redback (Lair:2)
  2 wraiths
  2 wyverns
  2 shadows
  11 yaks
  Grum (D:7)
  An acid dragon (D:8)
  6 water moccasins
  Duvessa (D:4)
  6 orc warriors
  A black bear (D:6)
  A sky beast (D:8)
  2 necrophages
  11 centaurs
  4 phantoms
  2 ogres
  A kobold brigand (D:9)
  5 bullfrogs
  A gnoll sergeant (D:7)
  2 scorpions
  A wyvern skeleton (D:7)
  A water moccasin skeleton (D:5)
  Dowan (D:4)
  13 killer bees
  3 wights (D:8)
  4 electric eels
  8 howler monkeys
  4 centaur zombies
  9 hounds
  A bullfrog zombie (D:6)
  A centaur skeleton (D:7)
  A jelly (D:6)
  3 bullfrog skeletons
  5 gnoll shamans
  An orc priest (D:7)
  Ijyb (D:3)
  Terence (D:2)
  3 iguanas
  9 orc wizards
  A howler monkey zombie (D:10)
  16 gnolls
  3 adders
  A shadow imp (D:6)
  3 white imps
  An ufetubus (D:6)
  An adder zombie (D:5)
  2 adder skeletons
  2 worms
  A dart slug (D:4)
  49 orcs
  9 ball pythons
  3 bats
  7 endoplasms
  3 giant cockroaches
  3 goblins
  5 hobgoblins
  11 jackals
  9 kobolds
  2 quokkas
  3 frilled lizards
  8 rats
298 creatures vanquished.

Vanquished Creatures (others)
  3 fungi (Lair:1)
  6 plants
9 creatures vanquished.

Grand Total: 307 creatures vanquished

Notes
Turn   | Place    | Note
-------+----------+-------------------------------------------
     0 | D:1      | lunkers the Troll Cinder Acolyte began the quest for the
                  | Orb.
     0 | D:1      | Reached XP level 1. HP: 22/22 MP: 1/1
   110 | D:1      | Noticed a floating eye
   112 | D:1      | Found a faded altar of an unknown god.
   117 | D:1      | Noticed a shining eye
   117 | D:1      | Noticed a floating eye
   117 | D:1      | Noticed a great orb of eyes
   153 | D:1      | Reached XP level 2. HP: 29/29 MP: 2/2
   286 | D:1      | Found Zaurybod's General Store.
   700 | D:2      | Reached XP level 3. HP: 32/36 MP: 3/3
   728 | D:2      | Reached skill level 4 in Unarmed Combat
   913 | D:2      | Noticed Terence
   920 | D:2      | Killed Terence
   921 | D:2      | Reached XP level 4. HP: 36/45 MP: 4/4
  1773 | D:3      | Found a broken altar of Ashenzari.
  1826 | D:3      | You are sucked into a shaft and drop 3 floors!
  1826 | D:6      | Noticed a water moccasin
  1837 | D:6      | Killed a water moccasin
  1838 | D:6      | Reached skill level 5 in Unarmed Combat
  1838 | D:6      | Reached XP level 5. HP: 19/53 MP: 2/5
  1956 | D:5      | Entered Level 5 of the Dungeon
  1967 | D:5      | Noticed a necrophage
  1976 | D:5      | Killed a necrophage
  1977 | D:5      | Reached skill level 6 in Unarmed Combat
  1977 | D:5      | Reached XP level 6. HP: 52/62 MP: 3/6
  2029 | D:4      | Noticed Dowan
  2204 | D:3      | Noticed Ijyb
  2215 | D:3      | Killed Ijyb
  2492 | D:3      | Found Akoitiaq's Distillery.
  2500 | D:3      | Bought a potion of curing for 30 gold pieces
  2722 | D:4      | Reached XP level 7. HP: 70/70 MP: 7/7
  2776 | D:4      | Noticed Duvessa
  2788 | D:4      | Killed Duvessa
  2789 | D:4      | Reached skill level 7 in Unarmed Combat
  2797 | D:4      | Killed Dowan
  3250 | D:5      | Noticed Grinder
  3256 | D:5      | Paralysed by Grinder for 6 turns
  3266 | D:5      | Killed Grinder
  3267 | D:5      | Reached skill level 5 in Fighting
  3267 | D:5      | Reached skill level 8 in Unarmed Combat
  3267 | D:5      | Reached XP level 8. HP: 37/80 MP: 1/8
  3467 | D:5      | Noticed Sigmund
  3474 | D:5      | Killed Sigmund
  3605 | D:6      | Reached skill level 9 in Unarmed Combat
  4039 | D:6      | Found a bloodstained altar of Trog.
  4093 | D:6      | Reached skill level 10 in Unarmed Combat
  4093 | D:6      | Reached XP level 9. HP: 70/89 MP: 7/9
  4158 | D:6      | Noticed a troll
  4168 | D:6      | Killed a troll
  4282 | D:7      | Found a staircase to the Ecumenical Temple.
  4338 | Temple   | Entered the Ecumenical Temple
  4612 | D:7      | Reached skill level 11 in Unarmed Combat
  4698 | D:7      | Found a blossoming altar of Fedhas.
  4862 | D:7      | Noticed Grum
  4865 | D:7      | Killed Grum
  4944 | D:7      | Found a hide-covered altar of Uskayaw.
  5164 | D:7      | Found a radiant altar of Vehumet.
  5470 | D:8      | Found a shimmering blue altar of Sif Muna.
  5483 | D:8      | Found a glowing silver altar of Zin.
  5597 | D:8      | Reached skill level 12 in Unarmed Combat
  5765 | D:8      | Reached XP level 10. HP: 95/102 MP: 10/10
  6021 | D:8      | Reached skill level 1 in Evocations
  6323 | D:8      | You fall into a shaft and drop 3 floors!
  6380 | D:10     | Entered Level 10 of the Dungeon
  6439 | D:9      | Found a staircase to the Lair.
  7045 | D:9      | Found Daniel's Dragon-Slaying Spoils.
  7189 | D:9      | Reached skill level 13 in Unarmed Combat
  7671 | D:9      | Found a white marble altar of Elyvilon.
  7849 | D:10     | You fall into a shaft and drop 2 floors!
  7849 | D:12     | Noticed a deep elf pyromancer
  7849 | D:12     | Noticed a cyclops
  7862 | D:12     | Killed a deep elf pyromancer
  7867 | D:12     | Killed a cyclops
  7978 | D:12     | Reached XP level 11. HP: 65/113 MP: 3/11
  8125 | D:12     | Noticed a two-headed ogre
  8130 | D:12     | Killed a two-headed ogre
  8533 | D:11     | Noticed a two-headed ogre
  8558 | D:11     | Killed a two-headed ogre
  8559 | D:11     | Reached skill level 14 in Unarmed Combat
  8753 | D:11     | Noticed a deep elf pyromancer
  8754 | D:11     | Noticed a boulder beetle
  8755 | D:11     | Noticed a brown ugly thing
  8755 | D:11     | Noticed a centaur warrior
  8756 | D:11     | Noticed an orc knight
  8794 | D:11     | Noticed an orc knight
  8833 | D:11     | Noticed Erica
  8837 | D:11     | Killed Erica
  8952 | D:11     | Noticed a seven-headed hydra
  8959 | D:11     | Noticed Psyche
  8966 | D:11     | Killed Psyche
  9166 | D:11     | Killed a seven-headed hydra
  9347 | D:10     | Found a portal to a secret trove of treasure.
  9357 | D:10     | Identified a scroll of acquirement
  9357 | D:10     | Acquired 1231 gold pieces
  9619 | D:9      | Bought +2 gold dragon scales for 1104 gold pieces
 10215 | D:12     | Noticed a five-headed hydra
 10233 | D:12     | Killed a five-headed hydra
 10303 | D:12     | Found a staircase to the Orcish Mines.
 10445 | Lair:1   | Entered Level 1 of the Lair of Beasts
 10461 | Lair:1   | Reached skill level 15 in Unarmed Combat
 10566 | Lair:1   | Reached skill level 5 in Evocations
 10664 | Lair:1   | Reached XP level 12. HP: 124/124 MP: 12/12
 10728 | Lair:1   | Reached skill level 1 in Armour
 11391 | Lair:2   | Found a hole to the Spider Nest.
 11403 | Lair:2   | HP: 3/124 [wolf spider (4)]
 11404 | Lair:2   | Found a transporter.
 11404 | Lair:2   | Succumbed to a redback's poison

Illustrated notes

Levels and vault maps discovered:
D:1:      dpeg_arrival_boxes_within_box, layout_rooms,
          hellmonk_ecumenical_altar_watching_god, serial_shops, shop_fountains
D:2:      layout_basic, due_unseen_surprise, uniq_terence
D:3:      layout_loops_ring, ashenzari_altar_1, serial_shops,
          nicolae_lakefront_shop, amcnicky_mini_rare_corridor_liquid, uniq_ijyb
D:4:      layout_cave_pools, uniq_duvessa
D:5:      layout_rooms, minmay_crystal_room, uniq_sigmund, uniq_grinder
D:6:      nicolae_BIG_FREAKIN_CUBE, layout_rooms, marbit_many_paths,
          minmay_three_doors
D:7:      layout_cave_pools, mainiacjoe_overflow_24_doors, fedhas_altar_1,
          nicolae_overflow_hidden_temple, minmay_temple_entry_overgrown,
          serial_gnoll_camp, gnoll_camp_medium_01, gnoll_camp_mini_hut,
          gnoll_camp_mini_basic, grums_kennel, gnoll_camp_mini_loothouse
D:8:      layout_layer_cave, mainiacjoe_overflow_large_starburst,
          kennysheep_generic_room_9
D:9:      layout_irregular_city, nicolae_elyvilon_temple_path, lair_entry_dummy,
          serial_column_ruins, column_ruins_square_huge,
          column_ruins_open_small, column_ruins_grid_1, column_ruins_grid_4,
          column_ruins_grid_3, nicolae_shop_dragon_depot, hive_lemuel
D:10:     layout_loops_ring, nicolae_trove_entry_columns, st_stairs_6
D:11:     layout_roguey, hex_large, minmay_liquid_box, minivault_12, uniq_erica,
          uniq_psyche, uniq_grum
D:12:     kennysheep_blocky_hall, layout_rooms, hiddenorc1_lemuel
Temple:   hc_temple_tempest_star
Lair:1:   layout_chaotic_city, minmay_stone_trees_medium,
          infiniplex_staircase_pool_2, grunt_megastairs_2, serial_bayou_shore_a
Lair:2:   layout_hall_layers, spider_nest_entry_funnel_web,
          gammafunk_ghost_abyssal_escape, serial_bayou_pond_d,
          beast_lair_carwin_8

Skill      XL: |  1  2  3  4  5  6  7  8  9 10 11 12 |
---------------+-------------------------------------+-----
Unarmed Combat | 4 5 6 8 10 12 13 15 | 15.4
Fighting       | 3 4 5 6 7 8 9 |  9.5
Evocations     | 3 5 |  5.0
Armour         | 1 |  1.5
Spellcasting   | |  1.0
Fire Magic     | |  2.1

Action                   |  1- 3 |  4- 6 |  7- 9 | 10-12 || total
-------------------------+-------+-------+-------+-------++-------
Melee: Unarmed           |    84 |   108 |   329 |   374 ||   895
       Punch             |       |     4 |    17 |    18 ||    39
Throw: Stone             |    55 |    52 |    79 |    26 ||   212
Evoke: Wand              |       |       |    12 |    13 ||    25
  Use: Scroll            |       |    11 |     3 |    12 ||    26
Armor: Robe              |    24 |    33 |    89 |     5 ||   151
       Acid dragon scale |       |       |       |   113 ||   113
       Gold dragon scale |       |       |       |    79 ||    79
Dodge: Dodged            |    30 |    36 |   164 |   131 ||   361

Table legend: (Time is in decaauts)
 A = Elapsed time spent in this place.
 B = Non-inter-level travel time spent in this place.
 C = Inter-level travel time spent in this place.
 D = Time resting spent in this place.
 E = Time spent auto-exploring this place.
 F = Levels seen in this place.
 G = Mean time per level.
                   A        B        C        D        E       F      G
               +--------+--------+--------+--------+--------+-----+--------+
         Total |  11265 |  10722 |    543 |    208 |   8080 |  15 |  751.0 |
       Dungeon |  10158 |   9642 |    516 |    160 |   7244 |  12 |  846.5 |
        Temple |    161 |    161 |      0 |     48 |     87 |   1 |  161.0 |
          Lair |    945 |    919 |     26 |      0 |    748 |   2 |  472.5 |
               +--------+--------+--------+--------+--------+-----+--------+

Top non-repeatable levels by time:
     D:8: 1283 daAuts
    D:11: 1064 daAuts
     D:9: 1051 daAuts
     D:2: 1007 daAuts
     D:7: 995 daAuts
  Lair:1: 883 daAuts
     D:6: 811 daAuts
    D:10: 754 daAuts
    D:12: 750 daAuts
     D:1: 663 daAuts
     D:3: 658 daAuts
     D:4: 580 daAuts
     D:5: 537 daAuts
  Temple: 161 daAuts
  Lair:2: 61 daAuts
